 Dungeon Crawl Stone Soup version 0.29.0-5-ge4962eb29e (webtiles) character file.

Game seed: 14684640434243474948

37 ProzacElf the Chopper (level 3, -3/31 HPs)
             Began as a Hill Orc Monk on Aug 29, 2022.
             Was an Elder of Lugonu.
             Killed from afar by a white imp (13 damage)
             ... with a puff of frost
             ... on level 3 of the Dungeon.
             The game lasted 00:02:04 (1637 turns).

ProzacElf the Chopper (Hill Orc Monk)               Turns: 1637, Time: 00:02:05

Health: -3/31      AC:  2    Str: 15    XL:     3   Next: 39%
Magic:  4/4        EV: 12    Int: 10    God:    Lugonu [****..]
Gold:   119        SH:  0    Dex: 13    Spells: 2/2 levels left

rFire   + . .      SeeInvis .   a - +0 hand axe
rCold   . . .      Faith    .   (no shield)
rNeg    . . .      Spirit   .   b - +0 robe
rPois   .          Reflect  .   (no helmet)
rElec   .          Harm     .   (no cloak)
rCorr   .          Rampage  .   (no gloves)
Will    .....                   (no boots)
Stlth   ++........              (no amulet)
HPRegen 0.10/turn               j - ring of protection from fire
MPRegen 0.09/turn               (no ring)

@: no status effects
A: no striking features
a: Renounce Religion, Depart the Abyss, Bend Space, Banish, Corrupt


You were on level 3 of the Dungeon.
You worshipped Lugonu.
Lugonu was greatly pleased with you.
You visited 1 branch of the dungeon, and saw 3 of its levels.

You collected 119 gold pieces.

Inventory:

Hand Weapons
 a - a +0 hand axe (weapon)
Missiles
 i - a throwing net (quivered)
Armour
 b - a +0 robe (worn)
 f - a +0 chain mail
Jewellery
 j - a ring of protection from fire (left hand)
Wands
 r - a wand of quicksilver (3)
Scrolls
 d - 8 scrolls of identify {unknown}
 g - a scroll of teleportation {unknown}
 l - a scroll of enchant weapon {unknown}
 m - a scroll of butterflies {unknown}
 n - a scroll of brand weapon {unknown}
 p - a scroll of amnesia {unknown}
Potions
 c - a potion of ambrosia {!e}
 e - a potion of cancellation {unknown}
 h - a potion of invisibility {unknown}
 k - a potion of flight {unknown}
 o - a potion of attraction {unknown}
 q - 2 potions of berserk rage {unknown}


   Skills:
 - Level 3.6 Fighting
 + Level 5.0 Axes
 - Level 2.8 Dodging
 - Level 1.5 Stealth
 + Level 1.4 Invocations


You had 2 spell levels left.
You didn't know any spells.
Your spell library was empty.

Dungeon Overview and Level Annotations

Branches:
Dungeon (3/15)

Altars:
Lugonu


Message History

Tha hobgoblin shouts!
Ye hit tha white imp but do nay damage.
Ye hear a shout!
Tha white imp closely misses ye.
Ye hit tha white imp but do nay damage.
Tha white imp gestures at ye.
Tha puff o' frost hits ye.
Ye take 5 damage, an' haf 26/31 hp.
Ye hit tha white imp.
Tha white imp be lightly wounded.
Tha white imp hits ye.
Tha white imp freezes ye.
Ye take 5 damage, an' haf 21/31 hp.
Ye hit tha white imp.
Tha white imp be severely wounded.
A kobold comes inta view.
It be wieldin' a +0 short sword.
Tha white imp gestures at ye.
Tha puff o' frost hits ye!
Ye take 11 damage, an' haf 10/31 hp.
MASSIVE DAMAGE!!
Ye be too injured ta fight recklessly!
Ye be too injured ta fight recklessly!
Ye be too injured ta fight recklessly!
Ye be too injured ta fight recklessly!
Ye be too injured ta fight recklessly!
Ye be too injured ta fight recklessly!
Ye be too injured ta fight recklessly!
Ye be too injured ta fight recklessly!
Ye be too injured ta fight recklessly!
Ye be too injured ta fight recklessly!
Ye be too injured ta fight recklessly!
Ye be too injured ta fight recklessly!
Ye be too injured ta fight recklessly!
Ye be too injured ta fight recklessly!
Ye be too injured ta fight recklessly!
Ye be too injured ta fight recklessly!
Ye be too injured ta fight recklessly!
Ye hit tha white imp.
Tha white imp be severely wounded.
Tha white imp gestures at ye.
Tha puff o' frost hits ye!
Ye die...

#...... ##.#####
###########.#.####
#..........###....
#..########.#.####
#).# ##.## # #.†#
#.# # #..# #.# #
#@.# #.# #
.....g5..# #.# #
......#.## #.#####
##.#....# #......
K.... ##. ...#####
##.# . #..# # #. (
#..# # # .# #..# #
#..# #


You could see a white imp, a hobgoblin and a kobold.

Vanquished Creatures
  An adder (D:2)
  5 ball pythons
  4 endoplasms
  A giant cockroach (D:1)
  2 hobgoblins (D:1)
  A kobold (D:3)
  A quokka (D:2)
  6 bats
  A frilled lizard (D:2)
  4 rats
26 creatures vanquished.

Notes
Turn   | Place    | Note
-------+----------+-------------------------------------------
     0 | D:1      | ProzacElf the Hill Orc Monk began the quest for the Orb.
     0 | D:1      | Reached XP level 1. HP: 19/19 MP: 1/1
   289 | D:1      | Found a faded altar of an unknown god.
   388 | D:1      | Prayed at the altar of an unknown god.
   388 | D:1      | Became a worshipper of Lugonu the Unformed
   388 | D:1      | Reached * piety under Lugonu
   388 | D:1      | Reached ** piety under Lugonu
   388 | D:1      | Reached *** piety under Lugonu
   524 | D:1      | Reached XP level 2. HP: 26/26 MP: 2/2
  1156 | D:2      | Reached skill level 1 in Invocations
  1156 | D:2      | Reached XP level 3. HP: 24/31 MP: 3/3
  1279 | D:2      | Reached **** piety under Lugonu
  1623 | D:3      | Reached skill level 5 in Axes
  1637 | D:3      | Killed from afar by a white imp

Illustrated notes

Levels and vault maps discovered:
D:1:      eino_arrival_water_cross, layout_loops_ring,
          hellmonk_ecumenical_altar_arch_garden, hex_tiny
D:2:      layout_rooms
D:3:      layout_loops_ring, uniq_sigmund

Skill      XL: |  1  2  3 |
---------------+----------+-----
Invocations    | 1 |  1.4
Axes           | 5 |  5.0
Fighting       | |  3.6
Dodging        | |  2.8
Stealth        | |  1.5

Action                   || total
-------------------------++-------
Melee: Hand axe          ||   108
       Punch             ||     1
  Use: Potion            ||     1
 Stab: Sleeping          ||     2
Armor: Robe              ||    34
Dodge: Dodged            ||   100
